 Dungeon Crawl Stone Soup version 0.24.0-13-gcf9b319 (webtiles) character file.

Game seed: 612193899399218942, levelgen mode: deterministic

337 Bronimir the Firebug (level 6, -4/35 HPs)
             Began as a Deep Elf Fire Elementalist on Apr 23, 2020.
             Killed from afar by an orc wizard (11 damage)
             ... with a puff of frost
             ... on level 4 of the Dungeon.
             The game lasted 00:08:02 (2829 turns).

Bronimir the Firebug (Deep Elf Fire Elementalist)   Turns: 2829, Time: 00:08:02

Health: -4/35      AC:  9    Str:  2 (5)  XL:     6   Next: 28%
Magic:  9/16       EV:  8    Int: 27 (28) God:
Gold:   100        SH:  0    Dex: 13 (15) Spells: 6/16 levels left

rFire    . . .     SeeInvis .   a - +0 great sword
rCold    . . .     Gourm    .   (shield currently unavailable)
rNeg     . . .     Faith    .   t - +4 ring mail "Joniesun" {Int+6 Slay+3}
rPois    .         Spirit   .   (no helmet)
rElec    .         Reflect  .   (no cloak)
rCorr    .         Harm     .   (no gloves)
MR       .....                  (no boots)
Stlth    ++........             (no amulet)
HPRegen  0.11/turn              (no ring)
MPRegen  0.15/turn              (no ring)

@: very slightly contaminated
A: no striking features
a: no special abilities


You were on level 4 of the Dungeon.
You were near starving.

You visited 1 branch of the dungeon, and saw 4 of its levels.

You collected 100 gold pieces.

Inventory:

Hand Weapons
 a - a +0 great sword (weapon)
 i - a +0 spear
 q - a +0 hunting sling
 s - a +0 dagger
Missiles
 b - 5 stones
 e - 66 poisoned darts (quivered)
 r - 11 arrows
 v - 8 sling bullets
Armour
 g - a +0 robe
 j - a +0 ring mail
 t - the +4 ring mail "Joniesun" (worn) {Int+6 Slay+3}
   (You found it on level 4 of the Dungeon)

   It affects your intelligence (+6).
   It affects your accuracy and damage with ranged weapons and melee attacks
   (+3).
Scrolls
 h - a scroll of noise
 m - 4 scrolls of identify
 n - a scroll of teleportation
Comestibles
 c - 3 rations


   Skills:
 + Level 2.0 Fighting
 + Level 2.3(3.3) Short Blades
 + Level 3.3(3.6) Long Blades
 + Level 1.6 Polearms
 + Level 2.1(2.5) Slings
 + Level 2.3(3.0) Throwing
 * Level 3.0 Armour
 + Level 4.3 Dodging
 + Level 4.9 Stealth
 + Level 1.9 Unarmed Combat
 * Level 5.9 Spellcasting
 * Level 5.6 Conjurations
 * Level 6.9 Fire Magic


You had 6 spell levels left.
You knew the following spells:

 Your Spells              Type           Power        Failure   Level  Hunger
a - Flame Tongue          Conj/Fire      #####        5%          1    None
b - Throw Flame           Conj/Fire      #####.       8%          2    None
c - Conjure Flame         Conj/Fire      #####...     16%         3    None
d - Sticky Flame          Conj/Fire      #####...     45%         4    ###....

Your spell library contained the following spells:

 Spells                   Type           Power        Failure   Level  Hunger
 Inner Flame              Hex/Fire       ####....     45%         3    None
 Fireball                 Conj/Fire      #####.....   82%         5    #####..


Dungeon Overview and Level Annotations

Branches:
Dungeon (3/15)

Altars:
Ashenzari
Cheibriados
Hepliaklqana
Makhleb
Qazlal
Trog
Wu Jian
Zin


Message History

Confirm with . or Enter, or press ? or * to list all spells.
Aiming: Flame Tongue (safe; 5% risk of failure)
Press: ? - help, Shift-Dir - straight line, f - orc wizard
Aim: an orc wizard, wielding a +0 dagger and wearing a +0 robe (severely wounded)
The flame tongue hits the orc wizard.
The orc wizard is almost dead.
The orc wizard casts a spell at you. The puff of flame hits you.
* * * LOW HITPOINT WARNING * * *
Casting: Flame Tongue (safe; 5% risk of failure)
Confirm with . or Enter, or press ? or * to list all spells.
Aiming: Sticky Flame (quite dangerous; 45% risk of failure)
Press: ? - help, Shift-Dir - straight line, f/p - orc wizard
Aim: an orc wizard, wielding a +0 dagger and wearing a +0 robe (almost dead)
You miscast Sticky Flame.
You are very lightly contaminated with residual magic.
Sparks fly from your hands! The orc wizard casts a spell at you.
The puff of frost hits you!
You die...

..# #.# #...##### #.# <##
##.###.......# #.## . ##
#............### #..#..#
#####.#.........)..#####....#
##.#############.#...#......#
#.# #.###...#....# #.# §§§
#.#.....#..... #.#
§§§§##...........# ##.#
§§§§#@..........# #..#
§######o)........## #.##
8#_....§.........## #.#
§######............# ..#
§§§§§§#....W....##.. .##
§§§§§§#.........## # ##
§§§§§§#.........o## #
§§§§§§#............ #
#.......%.####


You could see a diamond obelisk, a phantom and an orc wizard.

Vanquished Creatures
  2 orc priests (D:4)
  A centaur skeleton (D:4)
  3 adders
  3 gnolls (D:2)
  5 dart slugs
  A leopard gecko (D:1)
  An orc (D:4)
  3 ball pythons
  7 bats
  3 giant cockroaches
  5 goblins
  6 hobgoblins
  A quokka (D:2)
  A frilled lizard (D:1)
  5 kobolds
  6 rats
53 creatures vanquished.

Notes
Turn   | Place    | Note
-------+----------+-------------------------------------------
     0 | D:1      | Bronimir the Deep Elf Fire Elementalist began the quest for
                  | the Orb.
     0 | D:1      | Reached XP level 1. HP: 10/10 MP: 6/6
   302 | D:1      | Reached XP level 2. HP: 15/15 MP: 4/8
   635 | D:2      | Reached skill level 4 in Fire Magic
   635 | D:2      | Reached XP level 3. HP: 19/19 MP: 6/9
   956 | D:2      | Found a faded altar of an unknown god.
  1241 | D:2      | Reached XP level 4. HP: 24/24 MP: 8/11
  1833 | D:2      | Found a burning altar of Makhleb.
  1910 | D:2      | Found a snail-covered altar of Cheibriados.
  1911 | D:2      | Found a shattered altar of Ashenzari.
  1911 | D:2      | Found a hazy altar of Hepliaklqana.
  1913 | D:2      | Found a bloodstained altar of Trog.
  1915 | D:2      | Found an ornate altar of the Wu Jian Council.
  1916 | D:2      | Found a glowing silver altar of Zin.
  1958 | D:3      | Learned a level 2 spell: Throw Flame
  1974 | D:3      | Learned a level 3 spell: Conjure Flame
  1979 | D:3      | Learned a level 4 spell: Sticky Flame
  1984 | D:3      | You fall into a shaft and drop 1 floor!
  2124 | D:4      | Got an obsidian-encrusted ring mail
  2135 | D:4      | Identified the +4 ring mail "Joniesun" {Int+6 Slay+3} (You
                  | found it on level 4 of the Dungeon)
  2277 | D:4      | Reached XP level 5. HP: 26/28 MP: 7/13
  2365 | D:4      | Found a stormy altar of Qazlal.
  2389 | D:4      | Reached skill level 1 in Polearms
  2389 | D:4      | Reached skill level 1 in Unarmed Combat
  2389 | D:4      | Reached skill level 5 in Spellcasting
  2389 | D:4      | Reached skill level 5 in Conjurations
  2389 | D:4      | Reached skill level 6 in Fire Magic
  2389 | D:4      | Reached XP level 6. HP: 6/35 MP: 8/16
  2390 | D:4      | HP: 1/35 [orc priest/divine providence (13)]
  2829 | D:4      | Killed from afar by an orc wizard

Levels and vault maps discovered:
D:1:      dpeg_arrival_boxes_within_box, layout_loops_ring
D:2:      minmay_evil_eye, layout_rooms, minitemple,
          chequers_ecumenical_altar_island
D:3:      layout_basic, uniq_grinder
D:4:      layout_rooms, nicolae_qazlal_eye_of_the_storm

Skill      XL: |  1  2  3  4  5 |
---------------+----------------+-----
Fire Magic     | 4 6 |  6.9
Spellcasting   | 4 5 |  5.9
Conjurations   | 2 5 |  5.6
Fighting       | 2 |  2.0
Short Blades   | 2 |  2.3
Long Blades    | 3 |  3.3
Polearms       | 1 |  1.6
Slings         | 2 |  2.1
Throwing       | 2 |  2.3
Armour         | 3 |  3.0
Dodging        | 4 |  4.3
Stealth        | 4 |  4.9
Unarmed Combat | 1 |  1.9

Action                   |  1- 3 |  4- 6 || total
-------------------------+-------+-------++-------
Melee: Dagger            |    16 |     3 ||    19
       Great sword       |       |    12 ||    12
 Cast: Flame Tongue      |    54 |    36 ||    90
       Sticky Flame      |       |     1 ||     1
  Use: Potion            |       |     4 ||     4
       Scroll            |       |     6 ||     6
 Stab: Sleeping          |     2 |       ||     2
  Eat: Chunk             |     1 |     3 ||     4
Armor: Robe              |     5 |     4 ||     9
       Ring mail         |       |    11 ||    11
Dodge: Dodged            |    53 |    30 ||    83
       Rpst.: Great sword |       |     7 ||     7
